 Dungeon Crawl Stone Soup version 0.29.1-1-gd02db6906a (webtiles) character file.

Game seed: 11250554008053819642

29 Ashen the Chiller (level 3, 24/24 HPs)
             Began as a Demonspawn Ice Elementalist on Sept 25, 2022.
             Got out of the dungeon alive.
             The game lasted 00:01:32 (1140 turns).

Ashen the Chiller (Demonspawn Ice Elementalist)     Turns: 1140, Time: 00:01:33

Health: 24/24      AC:  2    Str:  8    XL:     3   Next: 1%
Magic:  6/6        EV: 12    Int: 18    God:
Gold:   35         SH:  0    Dex: 13    Spells: 5/6 levels left

rFire   + . .      SeeInvis .   f - +0 long sword
rCold   + . .      Faith    .   (no shield)
rNeg    . . .      Spirit   .   a - +0 robe
rPois   .          Reflect  .   (no helmet)
rElec   .          Harm     .   c - scarf {rC+ rF+}
rCorr   .          Rampage  .   (no gloves)
Will    .....                   (no boots)
Stlth   ++........              (no amulet)
HPRegen 0.08/turn               (no ring)
MPRegen 0.10/turn               (no ring)

@: no status effects
A: foul stench 1, weakness stinger 1
a: no special abilities


You escaped.
You visited 1 branch of the dungeon, and saw 1 of its levels.

You collected 35 gold pieces.

Inventory:

Hand Weapons
 f - a +0 long sword (weapon)
Armour
 a - a +0 robe (worn)
 c - a scarf of resistance (worn)
Scrolls
 d - 2 scrolls of teleportation {unknown}
 e - a scroll of noise {unknown}
 i - a scroll of poison {unknown}
 j - a scroll of identify {unknown}
 k - a scroll of vulnerability {unknown}
 l - a scroll of butterflies {unknown}
 m - a scroll of torment {unknown}
Potions
 b - a potion of magic
 g - 2 potions of curing {unknown}
 h - a potion of brilliance {unknown}


   Skills:
 + Level 2.2 Dodging
 + Level 2.2 Stealth
 + Level 2.3 Spellcasting
 + Level 3.8 Ice Magic


You had 5 spell levels left.
You knew the following spells:

 Your Spells              Type           Power      Damage    Failure   Level
a - Freeze                Ice            64%        1d8       3%          1

Your spell library contained the following spells:

 Spells                   Type           Power      Damage    Failure   Level
 Frozen Ramparts          Ice            32%        1d5       11%         3
 Ozocubu's Armour         Ice            16%        N/A       11%         3
 Apportation              Tloc           4%         N/A       17%         1
 Necrotise                Necr           8%         1d4       17%         1
 Summon Small Mammal      Summ           8%         N/A       17%         1
 Hailstorm                Conj/Ice       9%         3d4       61%         4


Dungeon Overview and Level Annotations

Branches:
Dungeon (1/15)

Altars:

Shops:
D:1 =


Innate Abilities, Weirdness & Mutations

You may rarely emit foul miasma when damaged in melee.
You have a small tail.


Message History

You closely miss the rat.
The rat is heavily wounded.
The rat closely misses you. The rat bites you.
You closely miss the rat.
The rat is heavily wounded.
The rat misses you.
You closely miss the rat.
The rat is heavily wounded.
The rat barely misses you. The rat bites you.
You slash the rat!
You kill the rat!
A goblin comes into view. It is wielding a +0 club.
A goblin is nearby!
You see here a scroll labelled PILITHR ZAPTEF.
The goblin shouts!
The goblin hits you with a +0 club.
You hit the goblin.
You kill the goblin!
m - a scroll labelled PILITHR ZAPTEF
Found a falchion.
A goblin comes into view. It is wielding a +0 dagger.
Found a scroll labelled MAUGYD WELID.
The goblin shouts!
You hit the goblin.
You kill the goblin!
You have reached level 3!
Your experience leads to an increase in your attributes!
Increase (S)trength, (I)ntelligence, or (D)exterity?
You feel clever. x2; Your demonic ancestry asserts itself...
You begin to emit a foul stench of rot and decay.
(D) Dungeon
Where to? (? - help)
What level of the Dungeon? (default 1, ? - help) You're already here!
There is a faded altar of an unknown god here.
There is an open door here.
You see here a +0 club.
There is a staircase leading out of the dungeon here.
Are you sure you want to leave the Dungeon?
This will make you lose the game!
You have escaped!

.#.#####.################
.........#..............#####
...#######.##########.......#
.#.# #..#.......#...###.# .#.#
#..'.>.>.>.'....##.# .#.#
#.##.......#....##.# ##.#
###.##########)...##.#
.#.#####....#.......#.......####
.......♣♣.#.'.).@...'.##.......#
.####..PP..##.......##########.#
.# #♣P._..########## #.#
.####..♣.P.# #.#..... #####.#
......♣..♣.###.#..... #.....#
..................... #.#####
.......#.#..#..#.... #.#
.#####.#...###.# . #.# .##
#.###..#).# #.#


There were no monsters in sight!

Vanquished Creatures
  2 dart slugs (D:1)
  3 endoplasms (D:1)
  7 goblins (D:1)
  3 hobgoblins (D:1)
  A kobold (D:1)
  A quokka (D:1)
  A ball python (D:1)
  3 bats (D:1)
  2 rats (D:1)
23 creatures vanquished.

Vanquished Creatures (others)
  2 withered plants (D:1)
2 creatures vanquished.

Grand Total: 25 creatures vanquished

Notes
Turn   | Place    | Note
-------+----------+-------------------------------------------
     0 | D:1      | Ashen the Demonspawn Ice Elementalist began the quest for
                  | the Orb.
     0 | D:1      | Reached XP level 1. HP: 13/13 MP: 3/3
   325 | D:1      | Found a faded altar of an unknown god.
   424 | D:1      | Gained mutation: You have a small tail. [demonic ancestry]
   424 | D:1      | Reached XP level 2. HP: 19/19 MP: 5/5
   933 | D:1      | Found Urchecao's Jewellery Shop.
  1107 | D:1      | Gained mutation: You may rarely emit foul miasma when
                  | damaged in melee. [demonic ancestry]
  1107 | D:1      | Reached XP level 3. HP: 24/24 MP: 6/6
  1140 | D:$      | Got out of the dungeon alive.

Illustrated notes

Levels and vault maps discovered:
D:1:      minmay_arrival_up_and_down, layout_loops_cross,
          ebering_ecumenical_altar_petrified, serial_shops, shop

Skill      XL: |  1 |
---------------+----+-----
Stealth        | 2 |  2.2
Dodging        | 2 |  2.2
Spellcasting   | |  2.3
Ice Magic      | |  3.8

Action                   || total
-------------------------++-------
Melee: Unarmed           ||     9
       Long sword        ||    37
       Punch             ||     1
       Tailslap          ||     3
 Cast: Freeze            ||    11
 Stab: Sleeping          ||     6
Armor: Robe              ||    10
Dodge: Dodged            ||    37
